[Event "January 2 Late 2024"]
[Site "https://www.chess.com"]
[Date "2024.01.02"]
[Round "10"]
[White "Karpov, Vadim"]
[Black "Gardezi, Arsal"]
[Result "1/2-1/2"]
[Board "110"]
[TimeControl "180+1"]
[WhiteFideId "4155025"]
[BlackFideId "30949521"]
[WhiteElo "2421"]
[BlackElo "2158"]
[WhiteTeam "RUS"]
[BlackTeam "USA"]
[WhiteClock "0:00:11"]
[BlackClock "0:00:23"]

1. Nf3 Nf6 2. c4 e6 3. d4 b6 4. g3 Bb7 5. Bg2 Be7 6. Nc3 Ne4 7. Qc2 d5 8. O-O O-O 9. Bf4 f5 10. Ne5 c5 11. Nxe4 fxe4 12. Bh3 Qc8 13. cxd5 Bxd5 14. Rac1 Nc6 15. Nxc6 Qxc6 16. dxc5 bxc5 17. Rfd1 Rac8 18. b3 Qa6 19. Be3 h6 20. Bg2 Qb7 21. Rd2 c4 22. bxc4 Rxc4 23. Qd1 Rxc1 24. Qxc1 Rc8 25. Rc2 Rxc2 26. Qxc2 Qc6 27. Qxc6 Bxc6 28. Bxa7 Kf7 29. Bd4 Ba3 30. Kf1 Bd5 31. Ke1 Bxa2 32. Bxe4 Bb3 33. f4 Bb4+ 34. Kf2 Bd5 35. Bd3 Be7 36. e4 Bc6 37. g4 Bh4+ 38. Ke3 Bf6 39. Bc4 Bxd4+ 40. Kxd4 Kf6 41. e5+ Ke7 42. f5 Bf3 43. h3 Bg2 44. Bxe6 Bxh3 45. Bc8 Bxg4 46. f6+ gxf6 47. exf6+ Kxf6 48. Bxg4 Kg5 49. Be2 h5 50. Bxh5 1/2-1/2

[Event "January 2 Late 2024"]
[Site "https://www.chess.com"]
[Date "2024.01.02"]
[Round "10"]
[White "Dias, Joao Batista"]
[Black "Urbina Perez, Juan Antonio"]
[Result "0-1"]
[Board "111"]
[TimeControl "180+1"]
[WhiteFideId "2108240"]
[BlackFideId "2217368"]
[WhiteElo "2037"]
[BlackElo "2421"]
[WhiteTeam "BRA"]
[BlackTeam "ESP"]
[WhiteClock "0:00:01"]
[BlackClock "0:00:21"]

1. e4 e5 2. Nf3 Nc6 3. Bc4 Be7 4. h3 Nf6 5. d3 O-O 6. O-O d5 7. exd5 Nxd5 8. Nc3 Be6 9. Bd2 Nxc3 10. Bxc3 Bxc4 11. dxc4 f6 12. Qd5+ Qxd5 13. cxd5 Nb8 14. Rfd1 Bd6 15. Bd2 Nd7 16. c4 b6 17. a3 a5 18. b4 axb4 19. axb4 Kf7 20. Kf1 Ke7 21. Ke2 g6 22. Kd3 f5 23. Kc2 e4 24. Nd4 Ne5 25. Kb3 Nd3 26. Nc6+ Kd7 27. Bh6 Rfe8 28. Be3 Ne5 29. Rxa8 Rxa8 30. Nd4 Nd3 31. Nc6 Re8 32. g3 f4 33. gxf4 Bxf4 34. Bxf4 Nxf4 35. h4 Nd3 36. Rd2 Ne1 37. c5 bxc5 38. bxc5 Nf3 39. Ra2 Nxh4 40. Nd4 Rf8 41. Kc4 Nf5 42. c6+ Kd6 43. Nb5+ Ke5 44. Nxc7 Nd6+ 45. Kc5 Rb8 46. Ra5 Rb1 47. Ne6 Rc1+ 48. Kb6 Nc4+ 49. Ka6 Nxa5 50. Kxa5 Kxd5 51. c7 Kxe6 52. Kb6 Rxc7 53. Kxc7 e3 54. Kc6 exf2 0-1

[Event "January 2 Late 2024"]
[Site "https://www.chess.com"]
[Date "2024.01.02"]
[Round "10"]
[White "Vlassov, Nikolai"]
[Black "Bazzano, Sebastian"]
[Result "1-0"]
[Board "112"]
[TimeControl "180+1"]
[WhiteFideId "4103360"]
[BlackFideId "104566"]
[WhiteElo "2609"]
[BlackElo "2289"]
[WhiteTeam "FID"]
[BlackTeam "ARG"]
[WhiteClock "0:00:31"]
[BlackClock "0:00:15"]

1. e4 e6 2. d4 d5 3. e5 b6 4. c3 Qd7 5. Nh3 Ba6 6. Nf4 Bxf1 7. Kxf1 c5 8. h4 Ne7 9. g4 Nbc6 10. Be3 cxd4 11. cxd4 Na5 12. b3 Rc8 13. Rh3 Nec6 14. Nh5 Nb4 15. Na3 Na6 16. Nc2 Nb4 17. Nxb4 Bxb4 18. Nxg7+ Ke7 19. Bg5+ Kf8 20. Bh6 Ke7 21. Bg5+ Kf8 22. Nh5 h6 23. Bf6 Rg8 24. Rg3 Qc6 25. Qf3 Qc2 26. Qf4 Rg6 27. Kg2 Qe4+ 28. Qxe4 dxe4 29. Nf4 Rg8 30. Rd1 Rc2 31. d5 Bc5 32. dxe6 Rxf2+ 33. Kh3 fxe6 34. Nxe6+ Kf7 35. Nxc5 bxc5 36. Rd7+ Ke6 37. Rxa7 Nc6 38. Ra6 Kd5 39. g5 Nd4 40. Rd6# 1-0

[Event "January 2 Late 2024"]
[Site "https://www.chess.com"]
[Date "2024.01.02"]
[Round "10"]
[White "Hajiyev, Kanan"]
[Black "Lopez Del Alamo, Antonio"]
[Result "1-0"]
[Board "113"]
[TimeControl "180+1"]
[WhiteFideId "13404148"]
[BlackFideId "2227339"]
[WhiteElo "2584"]
[BlackElo "2289"]
[WhiteTeam "AZE"]
[BlackTeam "ESP"]
[WhiteClock "0:02:11"]
[BlackClock "0:00:41"]

1. d4 Nf6 2. Nf3 g6 3. g3 Bg7 4. Bg2 O-O 5. O-O d6 6. b3 c6 7. Bb2 Nbd7 8. c4 Qc7 9. Qc2 Re8 10. Nbd2 e5 11. e4 a5 12. Rac1 a4 13. Rfd1 axb3 14. axb3 b6 15. h3 Bb7 16. Ra1 Rxa1 17. Rxa1 Ra8 18. Rd1 exd4 19. Nxd4 Nc5 20. b4 Na4 21. Ba1 Nd7 22. f4 Qb8 23. Kh2 c5 24. Nb5 Bxa1 25. Rxa1 cxb4 26. Rxa4 Nc5 27. Rxb4 Bc6 28. Rb2 Bxb5 29. Rxb5 Ra3 30. Nb3 Nxb3 31. Rxb3 Ra1 32. Qb2 Qa7 33. Rxb6 1-0

[Event "January 2 Late 2024"]
[Site "https://www.chess.com"]
[Date "2024.01.02"]
[Round "10"]
[White "Gaal, Zsoka"]
[Black "Sarkar, Justin"]
[Result "1-0"]
[Board "114"]
[TimeControl "180+1"]
[WhiteFideId "777765"]
[BlackFideId "2010011"]
[WhiteElo "2462"]
[BlackElo "2271"]
[WhiteTeam "HUN"]
[BlackTeam "USA"]
[WhiteClock "0:00:50"]
[BlackClock "0:00:00"]

1. e4 c5 2. Nf3 d6 3. g3 Nf6 4. d3 Nc6 5. Bg2 g6 6. O-O Bg7 7. Nbd2 O-O 8. c3 e5 9. a4 d5 10. Qc2 Re8 11. Re1 d4 12. Nc4 Rb8 13. Bd2 b6 14. cxd4 Nxd4 15. Nxd4 cxd4 16. b4 Bb7 17. Qb3 Qe7 18. f4 Ng4 19. h3 Ne3 20. Nxe3 dxe3 21. Bc3 exf4 22. Bxg7 Kxg7 23. gxf4 Qh4 24. Rxe3 Qxf4 25. Rf3 Qc7 26. Raf1 Re7 27. Qb2+ Kg8 28. h4 Rf8 29. h5 Qe5 30. Qb3 Qxh5 31. Rh3 Qe5 32. Qd1 Kg7 33. Qg4 Qd4+ 34. Kh1 f5 35. Qh4 Kf7 36. Qxh7+ Ke8 37. Qxg6+ Kd8 38. Rxf5 Rxf5 39. Qxf5 Qa1+ 40. Kh2 Qe5+ 41. Qxe5 Rxe5 42. Rh7 Kc8 43. Kg3 Kb8 44. Kf4 Re8 45. d4 Rf8+ 46. Ke3 Re8 47. Bf3 a5 48. bxa5 bxa5 49. e5 1-0

[Event "January 2 Late 2024"]
[Site "https://www.chess.com"]
[Date "2024.01.02"]
[Round "10"]
[White "Arlo2024"]
[Black "Chocenka, Dmitrijus"]
[Result "0-1"]
[Board "115"]
[TimeControl "180+1"]
[BlackFideId "12802336"]
[WhiteElo "2255"]
[BlackElo "2446"]
[BlackTeam "LTU"]
[WhiteClock "0:00:00"]
[BlackClock "0:01:47"]

1. e4 c5 2. Nc3 Nc6 3. g3 g6 4. Bg2 Bg7 5. d3 e5 6. f4 d6 7. Nf3 Nge7 8. O-O O-O 9. Be3 f5 10. fxe5 Nxe5 11. Nxe5 Bxe5 12. Qd2 fxe4 13. dxe4 Be6 14. Rxf8+ Qxf8 15. Rf1 Qe8 16. Bh6 Bf7 17. Bh3 b5 18. Nd5 Nxd5 19. exd5 Bd4+ 20. Kh1 Bxd5+ 21. Bg2 Qe4 22. Rf3 Qxf3 23. Bxf3 Bxf3+ 0-1

[Event "January 2 Late 2024"]
[Site "https://www.chess.com"]
[Date "2024.01.02"]
[Round "10"]
[White "Petr, Jan"]
[Black "Vifleemskaia, Svetlana"]
[Result "0-1"]
[Board "116"]
[TimeControl "180+1"]
[WhiteFideId "345784"]
[BlackFideId "4129490"]
[WhiteElo "2402"]
[BlackElo "2249"]
[WhiteTeam "CZE"]
[BlackTeam "RUS"]
[WhiteClock "0:00:01"]
[BlackClock "0:00:19"]

1. e4 e5 2. Nf3 Nc6 3. Bb5 a6 4. Ba4 Nf6 5. d3 d6 6. O-O g6 7. h3 Bg7 8. c4 O-O 9. Nc3 Nh5 10. Nd5 h6 11. b4 Ne7 12. Nxe7+ Qxe7 13. Be3 c5 14. Rb1 b6 15. Bc6 Ra7 16. Bd5 Kh7 17. bxc5 bxc5 18. Rb6 Be6 19. Qa4 Nf4 20. Bxf4 exf4 21. Rfb1 g5 22. Rb7 Rxb7 23. Rxb7 Qf6 24. Qxa6 g4 25. Bxe6 gxf3 26. Bf5+ Kg8 27. gxf3 Qg5+ 28. Kf1 Qf6 29. a4 Kh8 30. Qc6 Qa1+ 31. Ke2 Qa2+ 32. Kd1 Bc3 33. Kc1 Qd2+ 34. Kb1 Qxd3+ 35. Ka2 Qc2+ 36. Ka3 Bb4+ 37. Rxb4 cxb4+ 38. Kxb4 Qb2+ 39. Ka5 Rb8 40. Qa6 Qb4# 0-1

[Event "January 2 Late 2024"]
[Site "https://www.chess.com"]
[Date "2024.01.02"]
[Round "10"]
[White "Bouget, Alexandre"]
[Black "Jing, Andrew"]
[Result "1-0"]
[Board "117"]
[TimeControl "180+1"]
[WhiteFideId "681318"]
[BlackFideId "30984076"]
[WhiteElo "2400"]
[BlackElo "2172"]
[WhiteTeam "FRA"]
[BlackTeam "USA"]
[WhiteClock "0:01:21"]
[BlackClock "0:02:03"]

1. d4 Nf6 2. Bg5 d5 3. Bxf6 exf6 4. e3 f5 5. c4 dxc4 6. Bxc4 c6 7. a4 Nd7 8. Nf3 Nf6 9. Nc3 Bd6 10. O-O O-O 11. Ne5 Qe7 12. f4 Be6 13. Qb3 Bxc4 14. Nxc4 Rab8 15. a5 b5 16. axb6 axb6 17. Ra6 b5 18. Ne5 Bxe5 19. fxe5 Ne4 20. Nxe4 fxe4 21. Rxc6 b4 22. Qd5 b3 23. Qxe4 Qb4 24. h4 Qd2 25. Rf2 Qe1+ 26. Rf1 Qd2 27. h5 Qxb2 28. h6 Rfc8 29. Qg4 1-0

[Event "January 2 Late 2024"]
[Site "https://www.chess.com"]
[Date "2024.01.02"]
[Round "10"]
[White "Ambrogi, Agustin"]
[Black "Yushko, Olga"]
[Result "1-0"]
[Board "118"]
[TimeControl "180+1"]
[WhiteFideId "170933"]
[BlackFideId "14114500"]
[WhiteElo "2383"]
[BlackElo "2212"]
[WhiteTeam "ARG"]
[BlackTeam "UKR"]
[WhiteClock "0:01:59"]
[BlackClock "0:00:00"]

1. e4 e6 2. d4 d5 3. Nc3 Nf6 4. e5 Nfd7 5. f4 c5 6. Nf3 Nc6 7. Be3 Qb6 8. Qd2 cxd4 9. Nxd4 Nxd4 10. Bxd4 Qd8 11. f5 Qh4+ 12. g3 Qh5 13. fxe6 fxe6 14. Be2 Qg6 15. Nb5 Kd8 16. Qc3 Qe4 17. O-O Be7 18. Bd3 Qg4 19. Rf4 Qh5 20. Nc7 Nxe5 21. Bxe5 g5 22. Nxe6+ Kd7 23. Qc7+ 1-0

[Event "January 2 Late 2024"]
[Site "https://www.chess.com"]
[Date "2024.01.02"]
[Round "10"]
[White "Ardila, Oscar Humberto"]
[Black "Pepino, Enrico"]
[Result "0-1"]
[Board "119"]
[TimeControl "180+1"]
[WhiteFideId "4404742"]
[BlackFideId "810908"]
[WhiteElo "2330"]
[BlackElo "2077"]
[WhiteTeam "COL"]
[BlackTeam "ITA"]
[WhiteClock "0:00:08"]
[BlackClock "0:00:10"]

1. d4 Nf6 2. c3 g6 3. e3 Bg7 4. Bd3 O-O 5. h4 d6 6. h5 e5 7. hxg6 hxg6 8. Nd2 Qe7 9. Qc2 Re8 10. Bxg6 fxg6 11. Qxg6 Qf7 12. Qg5 exd4 13. cxd4 Nc6 14. Ngf3 Bg4 15. Rh4 Bxf3 16. Nxf3 Re4 17. Rxe4 Nxe4 18. Qg4 Re8 19. Bd2 Nxd2 20. Nxd2 Nxd4 21. O-O-O Qf5 22. Qxf5 Nxf5 23. Nf3 Rd8 24. Rd5 Ne7 25. Rb5 b6 26. Ng5 c6 27. Rb4 d5 28. Rg4 Rd6 29. Nf3 Rg6 30. Rf4 Rxg2 31. Nh4 Rg1+ 32. Kc2 c5 33. Nf3 Rf1 34. Nd2 Rh1 35. a4 Bh6 36. Rf6 Kg7 37. Re6 Kf7 38. Rd6 Rh2 39. f4 d4 40. Kd3 dxe3 41. Nf3 Bxf4 42. Rd7 e2 43. Ke4 Rf2 44. Ne1 Rf1 45. Nd3 e1=Q+ 46. Nxe1 Rxe1+ 47. Kxf4 Re2 48. b3 Ke6 49. Rxa7 Rb2 50. a5 Rxb3 51. a6 Ra3 52. Ra8 Nc6 53. Ke4 Ra4+ 54. Kd3 Kd5 55. Kc3 b5 56. Kb3 c4+ 57. Kc3 Kc5 58. Kb2 b4 59. Kc2 Ra2+ 60. Kb1 b3 61. a7 Rxa7 62. Rh8 Kb4 63. Rh6 Nd4 64. Kc1 Nb5 65. Kd2 Ra2+ 66. Ke3 b2 67. Rh1 Ra1 68. Rh8 b1=Q 69. Rb8 Qd3+ 70. Kf4 Rf1+ 71. Ke5 Rf5+ 72. Ke6 Qd5+ 73. Ke7 Rf7+ 0-1

[Event "January 2 Late 2024"]
[Site "https://www.chess.com"]
[Date "2024.01.02"]
[Round "10"]
[White "Dmitriev, Sergey"]
[Black "Gonzalez Zharikov, Andrey"]
[Result "0-1"]
[Board "120"]
[TimeControl "180+1"]
[WhiteFideId "14101785"]
[BlackFideId "5145287"]
[WhiteElo "2040"]
[BlackElo "2304"]
[WhiteTeam "UKR"]
[BlackTeam "MEX"]
[WhiteClock "0:00:11"]
[BlackClock "0:01:04"]

1. e4 c6 2. Nf3 d5 3. exd5 cxd5 4. d4 Nf6 5. Bd3 Nc6 6. c3 Bg4 7. Bg5 e6 8. Nbd2 Be7 9. Qb3 Qc7 10. O-O O-O 11. Qc2 h6 12. Bh4 Rac8 13. Qb3 Na5 14. Qa4 Bxf3 15. Nxf3 Nc4 16. Bxc4 dxc4 17. Bg3 Qb6 18. Qc2 Nd5 19. Ne5 Rfd8 20. f4 Ne3 21. Qf2 Nxf1 22. Rxf1 g6 23. Qf3 Rd5 24. Qg4 Kg7 25. h4 h5 26. Qf3 Rb5 27. Rf2 Rxb2 28. Rxb2 Qxb2 29. Bf2 Rc7 30. g4 hxg4 31. Qxg4 Qb1+ 32. Kg2 Qe4+ 33. Kg3 Qf5 34. Qf3 b5 35. Ng4 Bd6 36. Ne3 Qd3 37. h5 b4 38. hxg6 fxg6 39. Qg4 Qe4 40. cxb4 c3 41. Qd1 c2 42. Qc1 Qxf4+ 43. Kg2 Qe4+ 44. Kf1 Qd3+ 45. Ke1 Bxb4+ 0-1

[Event "January 2 Late 2024"]
[Site "https://www.chess.com"]
[Date "2024.01.02"]
[Round "10"]
[White "Osmonbekov, Talaibek"]
[Black "Kotlyar, Kirill"]
[Result "0-1"]
[Board "121"]
[TimeControl "180+1"]
[WhiteFideId "2017253"]
[BlackFideId "24145599"]
[WhiteElo "2304"]
[BlackElo "2506"]
[WhiteTeam "USA"]
[BlackTeam "RUS"]
[WhiteClock "0:00:00"]
[BlackClock "0:00:33"]

1. d4 Nf6 2. Nc3 d5 3. Bf4 c6 4. e3 Bf5 5. f3 e6 6. g4 Bg6 7. h4 h6 8. h5 Bh7 9. Bd3 Bd6 10. Nge2 Qc7 11. Bxh7 Nxh7 12. Qd3 Nd7 13. O-O-O O-O-O 14. Bxd6 Qxd6 15. e4 Nb6 16. b3 Rhe8 17. exd5 Nf6 18. dxc6 Qxc6 19. Kb2 Kb8 20. Qb5 Qxf3 21. Qe5+ Ka8 22. Nb5 Rd7 23. Rdf1 Qe4 24. Nec3 Qxe5 25. dxe5 Nxg4 26. Rhg1 f5 27. exf6 Nxf6 28. Rg6 a6 29. Na3 Nxh5 30. Nab1 Nd5 31. Ne4 Ndf6 32. Nc5 Rc7 33. b4 Ka7 34. Nc3 b6 35. N5e4 Ree7 36. a4 Nxe4 37. Nxe4 Rc4 0-1

[Event "January 2 Late 2024"]
[Site "https://www.chess.com"]
[Date "2024.01.02"]
[Round "10"]
[White "Eggleston, Thomas A"]
[Black "Gavrilov, Maxim"]
[Result "1-0"]
[Board "122"]
[TimeControl "180+1"]
[WhiteFideId "412139"]
[BlackFideId "24271454"]
[WhiteElo "2278"]
[BlackElo "2462"]
[WhiteTeam "ENG"]
[BlackTeam "RUS"]
[WhiteClock "0:00:13"]
[BlackClock "0:01:25"]

1. e4 c5 2. Nf3 Nc6 3. Bb5 g6 4. Bxc6 dxc6 5. d3 Bg7 6. h3 e5 7. Qe2 Ne7 8. a4 a5 9. Nbd2 Qc7 10. O-O O-O 11. Nc4 b6 12. Nh2 Be6 13. f4 Bxc4 14. dxc4 exf4 15. Bxf4 Be5 16. Bxe5 Qxe5 17. c3 f5 18. Rae1 Rae8 19. Nf3 Qxe4 20. Qd2 Qxc4 21. Ne5 Qd5 22. Qg5 Kg7 23. Ng4 Ng8 24. Ne3 Qd2 25. Nxf5+ Rxf5 26. Qxd2 Rd5 27. Qxd5 cxd5 28. Rxe8 Nf6 29. Rxf6 Kxf6 30. Rb8 Ke5 31. Rxb6 Ke4 32. Ra6 d4 33. cxd4 cxd4 34. Rxa5 d3 35. Ra8 Ke3 36. Rd8 d2 37. a5 Ke2 38. Rxd2+ Kxd2 39. a6 Kc2 40. b4 Kb2 41. b5 Kb1 42. b6 Kb2 43. b7 Kc1 44. a7 Kc2 45. Kf2 Kd2 46. Kf3 Kd1 47. b8=Q Kc1 48. a8=Q Kc2 49. Qc6+ Kd2 50. Qd8+ Ke1 51. Qc1# 1-0

[Event "January 2 Late 2024"]
[Site "https://www.chess.com"]
[Date "2024.01.02"]
[Round "10"]
[White "Vanek, Tomas"]
[Black "Balla, Tamas-Kristof"]
[Result "0-1"]
[Board "123"]
[TimeControl "180+1"]
[WhiteFideId "313459"]
[BlackFideId "1208497"]
[WhiteElo "2275"]
[BlackElo "2441"]
[WhiteTeam "CZE"]
[BlackTeam "ROU"]
[WhiteClock "0:00:54"]
[BlackClock "0:02:21"]

1. e4 c5 2. Nc3 Nc6 3. g3 g6 4. Bg2 Bg7 5. d3 d6 6. Be3 Nd4 7. Qd2 e5 8. Nd5 Be6 9. c3 Nc6 10. f4 Nge7 11. c4 O-O 12. Ne2 Nd4 13. O-O Nec6 14. f5 gxf5 15. exf5 Nxf5 16. Bg5 f6 17. Bh3 fxg5 18. Bxf5 Bxf5 19. Nec3 Nd4 20. Ne4 Bxe4 21. dxe4 Nf3+ 22. Rxf3 Rxf3 23. Kg2 Rf7 24. Ne3 Qd7 25. Qd5 Rf8 26. Nf5 Kh8 27. Rd1 Rxf5 28. exf5 Qxf5 29. Qxd6 Qf3+ 30. Kg1 e4 31. b3 Bd4+ 32. Rxd4 Qf1# 0-1

[Event "January 2 Late 2024"]
[Site "https://www.chess.com"]
[Date "2024.01.02"]
[Round "10"]
[White "Filipovic, Slobodan J"]
[Black "Delgado Kuffo, Andres"]
[Result "1-0"]
[Board "124"]
[TimeControl "180+1"]
[WhiteFideId "939633"]
[BlackFideId "3600475"]
[WhiteElo "2402"]
[BlackElo "2259"]
[WhiteTeam "SRB"]
[BlackTeam "ECU"]
[WhiteClock "0:00:21"]
[BlackClock "0:00:00"]

1. e4 e6 2. Qe2 c5 3. g3 Nc6 4. c3 g6 5. Bg2 Bg7 6. Nf3 Nge7 7. O-O O-O 8. Rd1 b5 9. Qxb5 d6 10. Qe2 a5 11. a4 Ba6 12. d3 d5 13. Na3 dxe4 14. Qxe4 Rb8 15. Nc4 Qd5 16. Qxd5 exd5 17. Na3 Rfd8 18. Ra2 Rb3 19. Nd2 Rb6 20. Bf1 Bh6 21. Nf3 Bxc1 22. Rxc1 Rdb8 23. Rc2 f6 24. Be2 g5 25. h3 h5 26. Nd2 Ne5 27. c4 N7c6 28. b3 Nd4 29. Kf1 Nxc2 30. Rxc2 Nc6 31. Bxh5 Nd4 32. Rb2 Nxb3 33. Nxb3 Rxb3 34. Rxb3 Rxb3 35. Nb5 Rxd3 36. Be2 Rd2 37. cxd5 Rxd5 38. Bc4 Bb7 39. Nc7 Kg7 40. Nxd5 f5 41. f4 gxf4 42. gxf4 Kg6 43. Nc3 1-0

[Event "January 2 Late 2024"]
[Site "https://www.chess.com"]
[Date "2024.01.02"]
[Round "10"]
[White "Harish, Neeraj"]
[Black "Skibbe, Willi"]
[Result "0-1"]
[Board "125"]
[TimeControl "180+1"]
[WhiteFideId "30958130"]
[BlackFideId "4682190"]
[WhiteElo "2257"]
[BlackElo "2388"]
[WhiteTeam "USA"]
[BlackTeam "GER"]
[WhiteClock "0:00:00"]
[BlackClock "0:00:46"]

1. e4 e6 2. d4 d5 3. e5 c5 4. c3 Nc6 5. Nf3 Bd7 6. Be2 Nge7 7. O-O Ng6 8. Nbd2 Nf4 9. Nb3 Nxe2+ 10. Qxe2 c4 11. Nbd2 Be7 12. Re1 O-O 13. Nf1 b5 14. Ng3 b4 15. Bd2 a5 16. a3 Qb6 17. h4 f6 18. h5 fxe5 19. Nxe5 Nxe5 20. dxe5 Bc5 21. Be3 d4 22. cxd4 Bxd4 23. Bxd4 Qxd4 24. Rad1 Qa7 25. Ne4 Bc6 26. Nd6 Bd5 27. axb4 axb4 28. Rf1 c3 29. bxc3 bxc3 30. Rd3 Qc5 31. Rg3 Rf4 32. h6 g6 33. Qc2 Ra2 34. Rxg6+ Kh8 35. Qb1 Raxf2 36. Qb8+ Rf8 37. Kh1 hxg6 38. Nf7+ Rxf7 0-1

[Event "January 2 Late 2024"]
[Site "https://www.chess.com"]
[Date "2024.01.02"]
[Round "10"]
[White "Rios Escobar, Adan"]
[Black "Minina, Veronika"]
[Result "1-0"]
[Board "126"]
[TimeControl "180+1"]
[WhiteFideId "3403645"]
[BlackFideId "4174780"]
[WhiteElo "2361"]
[BlackElo "2255"]
[WhiteTeam "CHI"]
[BlackTeam "RUS"]
[WhiteClock "0:00:56"]
[BlackClock "0:00:06"]

1. d4 Nf6 2. g3 g6 3. Bg2 Bg7 4. e4 O-O 5. Ne2 c5 6. dxc5 Na6 7. Be3 Qa5+ 8. Nbc3 Nxc5 9. e5 Ng4 10. b4 Qxb4 11. Rb1 Nxe3 12. fxe3 Qg4 13. O-O Bxe5 14. Nd5 Bd6 15. Rb4 Qg5 16. Rh4 Ne6 17. Ndf4 Bc5 18. Nd4 Qe5 19. Re1 Nxd4 20. exd4 Qxd4+ 21. Kh1 e6 22. Nd3 Bb6 23. Rxd4 Bxd4 24. Nf4 Bg7 25. h4 d5 26. h5 Bd7 27. c4 Rad8 28. cxd5 exd5 29. Nxd5 Kh8 30. Qc1 Be6 31. Nc7 Rc8 32. h6 Bf6 33. Bxb7 Rb8 34. Nxe6 fxe6 35. Bg2 Rbc8 36. Qe3 e5 37. Qxa7 Rfd8 38. Rf1 Ra8 39. Bxa8 1-0

[Event "January 2 Late 2024"]
[Site "https://www.chess.com"]
[Date "2024.01.02"]
[Round "10"]
[White "Clawitter, Craig"]
[Black "Novak, Ratko"]
[Result "0-1"]
[Board "127"]
[TimeControl "180+1"]
[WhiteFideId "2023105"]
[BlackFideId "14511827"]
[WhiteElo "2234"]
[BlackElo "2358"]
[WhiteTeam "USA"]
[BlackTeam "CRO"]
[WhiteClock "0:00:00"]
[BlackClock "0:01:09"]

1. e4 d5 2. exd5 c6 3. dxc6 Nxc6 4. Bb5 Qd5 5. Nc3 Qxg2 6. Qf3 Qxf3 7. Nxf3 Bd7 8. d4 a6 9. Ba4 e6 10. Be3 Bb4 11. O-O-O Bxc3 12. bxc3 Nf6 13. Rhg1 g6 14. Bb3 b5 15. d5 exd5 16. Rge1 O-O-O 17. Nd4 Ne4 18. Bxd5 Nxc3 19. Bxc6 Bxc6 20. Nxc6 Rxd1+ 21. Rxd1 Nxd1 22. Kxd1 Kc7 23. Nb4 a5 24. Nd3 Rd8 25. Ke2 f6 26. Bf4+ Kc6 27. Ke3 Kd5 28. Bg3 Rc8 29. Kd2 g5 30. f3 h5 31. h4 Rc4 32. hxg5 fxg5 33. Ne5 Ra4 34. Nf7 g4 35. f4 Rxa2 36. Ng5 Ra3 37. Bh4 g3 0-1

[Event "January 2 Late 2024"]
[Site "https://www.chess.com"]
[Date "2024.01.02"]
[Round "10"]
[White "Rose, Felix"]
[Black "Sokolov, Andrei"]
[Result "1-0"]
[Board "128"]
[TimeControl "180+1"]
[WhiteFideId "5105722"]
[BlackFideId "11600306"]
[WhiteElo "2230"]
[BlackElo "2342"]
[WhiteTeam "MEX"]
[BlackTeam "LAT"]
[WhiteClock "0:00:17"]
[BlackClock "0:00:00"]

1. e4 e5 2. Nf3 Nc6 3. Bb5 a6 4. Ba4 d6 5. c4 Bg4 6. h3 Bh5 7. Nc3 Nf6 8. O-O Be7 9. Bxc6+ bxc6 10. d4 O-O 11. dxe5 Bxf3 12. Qxf3 dxe5 13. Rd1 Qc8 14. Qg3 Qe6 15. b3 Bb4 16. Bb2 Rad8 17. Na4 Nxe4 18. Qxe5 Qxe5 19. Bxe5 Bd6 20. Bb2 Bb4 21. g3 Rfe8 22. Kg2 Nd2 23. Re1 Ne4 24. Red1 Nd2 25. Bc3 Bxc3 26. Nxc3 Re2 27. Nxe2 1-0

[Event "January 2 Late 2024"]
[Site "https://www.chess.com"]
[Date "2024.01.02"]
[Round "10"]
[White "Poddubnyi, Viktor"]
[Black "Keller, Peter"]
[Result "1-0"]
[Board "130"]
[TimeControl "180+1"]
[WhiteFideId "4141989"]
[BlackFideId "1272105"]
[WhiteElo "2326"]
[BlackElo "2215"]
[WhiteTeam "RUS"]
[BlackTeam "GER"]
[WhiteClock "0:00:48"]
[BlackClock "0:00:06"]

1. e4 e5 2. f4 d5 3. exd5 exf4 4. Nf3 Nf6 5. c4 c6 6. d4 Bb4+ 7. Nc3 cxd5 8. Bxf4 O-O 9. Be2 dxc4 10. Bxc4 Re8+ 11. Ne5 Be6 12. O-O Bxc4 13. Nxc4 Nc6 14. a3 Bxc3 15. bxc3 Nd5 16. Bd2 b5 17. Nb2 Na5 18. Qf3 Qd7 19. Nd3 Nc4 20. Ra2 Rad8 21. Nc5 Qe7 22. Bc1 f6 23. a4 b4 24. Qd3 Nde3 25. Re1 Qxc5 26. Bxe3 b3 27. Rae2 b2 28. Qc2 Nxe3 29. dxc5 Nxc2 30. Rxe8+ Rxe8 31. Rxe8+ Kf7 32. Rb8 1-0

[Event "January 2 Late 2024"]
[Site "https://www.chess.com"]
[Date "2024.01.02"]
[Round "10"]
[White "Korol, Dimitry"]
[Black "MiguelEduardoGB"]
[Result "1-0"]
[Board "131"]
[TimeControl "180+1"]
[WhiteFideId "14108003"]
[WhiteElo "2321"]
[BlackElo "2200"]
[WhiteTeam "UKR"]
[WhiteClock "0:00:07"]
[BlackClock "0:00:33"]

1. d4 d5 2. c4 Nc6 3. Nc3 Nf6 4. cxd5 Nxd5 5. e4 Nxc3 6. bxc3 e5 7. d5 Ne7 8. Nf3 Ng6 9. Bb5+ Bd7 10. Qb3 Rb8 11. O-O Be7 12. Be3 a6 13. Bxd7+ Qxd7 14. Ba7 Ra8 15. Qxb7 O-O 16. Rab1 Qg4 17. h3 Qf4 18. Qxc7 Qxe4 19. d6 Bd8 20. Qb7 Qxb7 21. Rxb7 Ba5 22. c4 e4 23. Nd4 Ne5 24. c5 Bc3 25. Nf5 Nc6 26. Bb6 Bf6 27. Rc1 g6 28. Ne3 Rac8 29. Nd5 Bg5 30. Re1 f5 31. g3 Nd4 32. Kg2 Nf3 33. Rd1 Ne5 34. h4 Bd8 35. Bxd8 Rfxd8 36. Ne7+ Kf8 37. Nxc8 Rxc8 38. d7 Rd8 39. Rc7 Ke7 40. c6 e3 41. fxe3 Ng4 42. Kf3 Ne5+ 43. Ke2 Ng4 44. Rc8 Nf6 45. Rxd8 Kxd8 46. c7+ Kxc7 47. d8=Q+ Kc6 48. Qxf6+ Kb5 49. Qd4 Ka5 50. Rc1 Kb5 51. Rc5+ Kb6 52. Qd6+ Kb7 53. Rc7+ 1-0

[Event "January 2 Late 2024"]
[Site "https://www.chess.com"]
[Date "2024.01.02"]
[Round "10"]
[White "Porat, Tori"]
[Black "Fernandez Hernandez, Gerardo"]
[Result "1-0"]
[Board "132"]
[TimeControl "180+1"]
[WhiteFideId "30982626"]
[BlackFideId "2207400"]
[WhiteElo "2180"]
[BlackElo "2318"]
[WhiteTeam "USA"]
[BlackTeam "ESP"]
[WhiteClock "0:00:19"]
[BlackClock "0:00:00"]

1. d4 Nf6 2. c4 c5 3. d5 b5 4. cxb5 a6 5. bxa6 g6 6. Nc3 Bg7 7. e4 O-O 8. Nf3 Qa5 9. Bd3 Nxd5 10. exd5 Bxc3+ 11. Bd2 Bxd2+ 12. Qxd2 Qxd2+ 13. Nxd2 Bxa6 14. Bxa6 Nxa6 15. O-O Nb4 16. d6 exd6 17. Ne4 Rxa2 18. Rxa2 Nxa2 19. Nxd6 Rb8 20. Ne4 Rxb2 21. Nxc5 d5 22. g3 Nc3 23. Ra1 Rb1+ 24. Rxb1 Nxb1 25. Kf1 Kg7 26. Ke2 Kf6 27. Kd3 Ke5 28. f4+ Kd6 29. Nb7+ Kc7 30. Na5 Kb6 31. Nb3 Na3 32. Kd4 Kc6 33. Ke5 Nb5 34. Kf6 d4 35. Kxf7 d3 36. Ke6 Nc7+ 37. Ke5 Kb5 38. Kd4 Kb4 39. Nd2 Ne6+ 40. Kxd3 Kc5 41. Ke4 Kd6 42. Nf3 h6 43. Ne5 Nc5+ 44. Kf3 Ke6 45. h3 g5 46. Ng4 gxf4 47. Kxf4 h5 48. Ne3 Kf6 49. Nf5 1-0

[Event "January 2 Late 2024"]
[Site "https://www.chess.com"]
[Date "2024.01.02"]
[Round "10"]
[White "Alves Campelo, Danilo Cesar De L"]
[Black "Kujawski, Adam"]
[Result "1-0"]
[Board "133"]
[TimeControl "180+1"]
[WhiteFideId "2123657"]
[BlackFideId "1100920"]
[WhiteElo "1965"]
[BlackElo "2310"]
[WhiteTeam "BRA"]
[BlackTeam "POL"]
[WhiteClock "0:00:06"]
[BlackClock "0:00:00"]

1. e4 e5 2. Nf3 Nc6 3. Bb5 a6 4. Ba4 Nf6 5. O-O Be7 6. Re1 b5 7. Bb3 O-O 8. c3 d5 9. exd5 Nxd5 10. Nxe5 Nxe5 11. Rxe5 c6 12. d4 Bd6 13. Re1 Qh4 14. g3 Qh3 15. Qf3 Bg4 16. Qg2 Qh5 17. Bxd5 cxd5 18. Be3 Bf3 19. Qf1 f5 20. Nd2 f4 21. Bxf4 Rxf4 22. Nxf3 Rxf3 23. Re6 Rd8 24. Qe2 Qf5 25. Re1 h5 26. Re8+ Rxe8 27. Qxe8+ Kh7 28. Re2 h4 29. Kg2 h3+ 30. Kf1 b4 31. Qd8 Bf8 32. Qh4+ Kg8 33. cxb4 Qb1+ 34. Re1 Qd3+ 35. Kg1 Rf5 36. Qxh3 Qf3 37. Qg2 Qxg2+ 38. Kxg2 Bxb4 39. Re6 Rf6 40. Re5 Rd6 41. a3 Bd2 42. Re2 Bc1 43. f4 Rb6 44. Rc2 Bxb2 45. a4 Bxd4 46. Kf3 Rb4 47. Kg4 Rxa4 48. Rc8+ 1-0